 Dungeon Crawl Stone Soup version 0.30-b1-2-g02819fbbbe (webtiles) character file.

Game seed: 6150390811888472292

81 avaji the Poker (level 4, -4/34 HPs)
             Began as a Merfolk Gladiator on June 1, 2023.
             Slain by a cerulean imp
             ... wielding a +1 spear
             ... summoned by Natasha
              (5 damage)
             ... on level 2 of the Dungeon.
             The game lasted 00:05:07 (1837 turns).

avaji the Poker (Merfolk Gladiator)                 Turns: 1837, Time: 00:05:07

Health: -4/34      AC:  0    Str: 14    XL:     4   Next: 42%
Magic:  5/5        EV: 16    Int:  9    God:
Gold:   138        SH:  0    Dex: 15    Spells: 5/5 levels left

rFire   . . .        a - melded +0 trident
rCold   . . .        (shield currently unavailable)
rNeg    . . .        g - melded +0 ring mail
rPois   .            c - melded +0 helmet
rElec   .            b - melded +0 cloak
rCorr   .            (gloves currently unavailable)
SInv    .            (boots currently unavailable)
Will    .....        (no amulet)
Stlth   +            (ring currently unavailable)
HPRegen 0.25/turn    (ring currently unavailable)
MPRegen 0.09/turn

%: no passive effects
@: brilliant, pig-form (expiring), hasted, invisible, very quick
A: fast, no casting, small, (nimble swimmer 2), (mertail)
a: no special abilities


You were on level 2 of the Dungeon.
You were a filthy swine.
You visited 1 branch of the dungeon, and saw 3 of its levels.

You collected 138 gold pieces.

Inventory:

Hand Weapons
 a - a +0 trident (melded)
Missiles
 d - 3 throwing nets (quivered)
 e - a javelin
Armour
 b - a +0 cloak (melded)
 c - a +0 helmet (melded)
 g - a +0 ring mail (melded)
Scrolls
 j - a scroll of enchant weapon {unknown}
 l - 3 scrolls of immolation {unknown}
Potions
 i - a potion of brilliance
 k - a potion of heal wounds {unknown}


   Skills:
 + Level 2.6 Fighting
 + Level 5.1 Polearms
 - Level 2.3 Throwing
 + Level 0.8 Armour
 + Level 4.5 Dodging
 * Level 1.1 Spellcasting


You had 5 spell levels left.
You didn't know any spells.
Your spell library contained the following spells:

 Spells                   Type           Power      Damage    Failure   Level
 Freeze                   Ice            0%         1d3       36%         1
 Slow                     Hex            0%         N/A       36%         1
 Ensorcelled Hibernation  Hex/Ice        0%         N/A       50%         2
 Poisonous Vapours        Pois/Air       0%         N/A       50%         2
 Confusing Touch          Hex            0%         N/A       73%         3
 Frozen Ramparts          Ice            0%         1d1       73%         3
 Hailstorm                Conj/Ice       0%         3d3       73%         3
 Spider Form              Tmut/Pois      0%         N/A       73%         3
 Vampiric Draining        Necr           0%         2d6       73%         3
 Anguish                  Hex/Necr       0%         N/A       98%         4
 Summon Lightning Spire   Summ/Air       0%         N/A       98%         4
 Borgnjor's Revivificati  Necr           0%         N/A       100%        8
 Necromutation            Tmut/Necr      0%         N/A       100%        8
 Death's Door             Necr           0%         N/A       100%        9


Dungeon Overview and Level Annotations

Branches:
Dungeon (3/15)

Altars:

Annotations:
D:2 Natasha
D:3 Sigmund


Innate Abilities, Weirdness & Mutations

You are a filthy swine.
You move quickly.
Your equipment is almost entirely melded.
You are incapable of wielding weapons or throwing items.
You cannot cast spells.
((You are very nimble when in or above water. (Stealth+, EV+, Speed+++)))
((Your lower body shifts to a powerful aquatic tail in water.))


Message History

There is a stone staircase leading up here.
You climb upwards.
There is a stone staircase leading down here.
You see here a stone.
Things that are here:
3 stones; a +0 short sword
There is a stone staircase leading down here.
You see here 6 stones.
There is a stone staircase leading down here.
Natasha, Servant of Life and Death comes into view.
She is carrying a wand of polymorph (6).
Natasha hisses angrily.
Natasha zaps a wand.
You turn into a filthy swine.
Your +0 trident melds into your body.
Your +0 cloak melds into your body.
Your +0 helmet melds into your body.
Your +0 ring mail melds into your body.
You hit Natasha but do no damage. Natasha claws you!
You closely miss Natasha.
Natasha stares at you and mumbles some strange words.
The magic dart hits you!
You closely miss Natasha.
Natasha mumbles some strange words.
You hit Natasha but do no damage. Natasha barely misses you.
You hit Natasha but do no damage. Natasha completely misses you.
The cerulean imp barely misses you.
You closely miss Natasha. Natasha casts a spell at you.
The magic dart hits you!
The cerulean imp hits you from afar with a +1 spear.
* * * LOW HITPOINT WARNING * * *
It was a potion of haste.
You feel yourself speed up. Natasha completely misses you.
The cerulean imp hits you from afar with a +1 spear.
* * * LOW HITPOINT WARNING * * *
It was a potion of brilliance.
You feel clever all of a sudden.
It was a potion of invisibility.
You fade into invisibility!
Your transformation is almost over.
Natasha claws you.
* * * LOW HITPOINT WARNING * * *
The cerulean imp hits you from afar with a +1 spear.
You die...

#####..##...## #.# ##....
#..###>..# #.###...##
#÷.###...### #.........
#..#...<...#########.###...##
#....................# ##.##
#.##....(..#.###.#.#.# #.#
#####.####...###5#..###..####.###
...##...##...# #h#.#.#)#........÷
##.####.###.## #h#.##.##.........
#.# #.# #.# #.#.##.##.........
#.# #.# #.####.#.##.###.#......
##.# #.# #........##.....#......
...# #.# #######.####...........
#### #.# #.# #.###....^.. # #.#
#.# ##.# #.....## # #.# #.#
#..###....... # #.# #.#
#.........###


You could see Natasha and a cerulean imp (summoned, unable to see you).

Vanquished Creatures
  Natasha (twice) (D:2)
  5 ball pythons (D:1)
  3 bats
  3 endoplasms (D:1)
  A hobgoblin (D:1)
  5 kobolds
  A quokka (D:1)
  4 frilled lizards
  5 goblins
  2 rats
31 creatures vanquished.

Notes
Turn   | Place    | Note
-------+----------+-------------------------------------------
     0 | D:1      | avaji the Merfolk Gladiator began the quest for the Orb.
     0 | D:1      | Reached XP level 1. HP: 16/16 MP: 1/1
   150 | D:1      | Reached XP level 2. HP: 22/23 MP: 2/2
   384 | D:1      | Got the Catalogue of Congregated Nausea
   486 | D:1      | Reached XP level 3. HP: 28/28 MP: 3/3
  1423 | D:3      | Noticed Natasha
  1423 | D:3      | Found a faded altar of an unknown god.
  1427 | D:3      | Noticed Sigmund
  1436 | D:2      | Killed Natasha
  1437 | D:2      | Reached XP level 4. HP: 24/34 MP: 3/5
  1606 | D:2      | Noticed Natasha
  1610 | D:2      | Killed Natasha
  1611 | D:2      | Reached skill level 5 in Polearms
  1611 | D:2      | Reached skill level 1 in Spellcasting
  1825 | D:2      | Noticed Natasha
  1837 | D:2      | HP: 1/34 [Natasha (2)]
  1837 | D:2      | Slain by a cerulean imp

Illustrated notes

Levels and vault maps discovered:
D:1:      dpeg_arrival_more_subterranean_lakeside_camping, layout_basic,
          grunt_decor_arrowhead
D:2:      layout_loops_ring
D:3:      layout_loops_ring, mainiacjoe_overflow_boulevard,
          lemuel_zombie_altar_kikubaaqudgha, nicolae_ecumenical_pavilion,
          uniq_ijyb, uniq_natasha, uniq_grinder, uniq_sigmund

Skill      XL: |  1  2  3  4 |
---------------+-------------+-----
Polearms       | 5 |  5.1
Spellcasting   | 1 |  1.1
Fighting       | |  2.6
Throwing       | |  2.3
Armour         | |  0.8
Dodging        | |  4.5

Action                     |  1- 3 |  4- 6 || total
---------------------------+-------+-------++-------
  Melee: Trident           |    77 |     4 ||    81
         Unarmed           |       |     6 ||     6
    Use: Potion            |       |     3 ||     3
 Armour: Ring mail         |    17 |     1 ||    18
         Leather armour    |     2 |       ||     2
  Dodge: Dodged            |    30 |     5 ||    35
